Map: Ulrena

Players

Rize

  • Race: Protoss Protoss
  • League: Master

Seither - Winner!

  • Race: Terran Terran
  • League: Master

VOD

Have the link to the VOD?

Description

Time

  • Played on: Dec. 15, 2015, 5 a.m.
  • Length: 9:47
Show
View Real Time Build Order
Export as new Build Order

Rize Protoss 

Build Orders: 1 Gate Expand, Phoenix Opening 

Get SALT Encoding   

  12  0:01  Probe (Chrono Boost)  
  13  0:11  Probe (Chrono Boost)  
  14  0:20  Pylon  
  14  0:22  Probe (Chrono Boost)  
  15  0:38  Probe (Chrono Boost)  
  15  0:42  Gateway  
  16  0:44  Assimilator  
  16  0:50  Probe (Chrono Boost)  
  17  1:00  Probe (Chrono Boost)  
  19  1:11  Probe (Chrono Boost)  
  19  1:22  Nexus  
  20  1:25  Probe (Chrono Boost)  
  20  1:36  Cybernetics Core  
  20  1:40  Assimilator  
  20  1:43  Probe (Chrono Boost)  
  21  1:51  Pylon  
  21  1:56  Probe (Chrono Boost)  
  22  2:07  Probe (Chrono Boost)  
  23  2:17  Probe (Chrono Boost), Stargate  
  23  2:22  Adept (Chrono Boost)  
  25  2:31  Probe  
  25  2:33  Probe  
  27  2:37  Warp Gate  
  27  2:43  Probe (Chrono Boost)  
  27  2:44  Probe (Chrono Boost)  
  29  2:55  Probe (Chrono Boost)  
  29  2:56  Probe (Chrono Boost)  
  29  2:57  Adept  
  33  3:03  Phoenix (Chrono Boost)  
  35  3:06  Probe (Chrono Boost)  
  35  3:07  Probe (Chrono Boost)  
  37  3:14  Mothership Core  
  37  3:19  Probe  
  42  3:27  Phoenix (Chrono Boost)  
  42  3:31  Probe  
  42  3:33  Probe, Adept  
  45  3:38  Pylon  
  46  3:43  Pylon  
  46  3:55  Probe  
  46  3:56  Probe  
  46  3:57  Phoenix (Chrono Boost)  
  50  4:09  Probe  
  51  4:12  Gateway  
  51  4:13  Gateway  
  51  4:18  Phoenix (Chrono Boost)  
  53  4:29  Gateway  
  53  4:31  Pylon  
  53  4:33  Pylon  
  53  4:40  Phoenix (Chrono Boost)  
  48  4:56  Adept  
  48  5:02  Assimilator  
  48  5:03  Assimilator  
  48  5:06  Oracle (Chrono Boost)  
  51  5:15  Gateway  
  51  5:19  Pylon  
  50  5:36  Probe  
  50  5:37  Probe  
  52  5:47  Probe  
  54  5:50  Probe  
  54  5:52  Phoenix (Chrono Boost)  
  54  5:54  Adept  
  58  5:57  Probe  
  58  6:02  Probe  
  60  6:12  Adept x3  
  66  6:20  Probe  
  66  6:21  Probe, Adept x2  
  72  6:30  Probe  
  72  6:32  Phoenix (Chrono Boost)  
  69  6:33  Probe  
  70  6:41  Probe  
  70  6:46  Probe  
  68  6:52  Probe  
  63  6:58  Probe  
  63  7:01  Phoenix (Chrono Boost)  
  66  7:02  Probe  
  66  7:04  Nexus  
  67  7:10  Probe  
  67  7:11  Robotics Facility  
  67  7:13  Probe  
  69  7:19  Pylon  
  69  7:20  Pylon  
  69  7:23  Probe, Pylon  
  69  7:24  Probe  
  69  7:29  Forge  
  71  7:32  Pylon  
  71  7:48  Sentry x3, Pylon  
  71  7:49  Pylon  
  77  7:52  Pylon  
  77  7:56  Immortal (Chrono Boost)  
  77  8:03  Protoss Ground Weapons Level 1 (Chrono Boost)  
  81  8:07  Adept x2  
  85  8:18  Adept x3  
  91  8:26  Probe x2  
  93  8:32  Robotics Bay  
  93  8:33  Stalker x2  
  97  8:36  Immortal  
  97  8:47  Pylon  
  101  8:53  Adept x2  
  101  8:54  Adept  
  107  8:59  Pylon  
  107  9:16  Adept x5  
  83  9:38  Adept x5  
Show
View Real Time Build Order
Export as new Build Order

Seither Terran - Winner!

Build Orders: Liberator Opening, MMM Bio 

Get SALT Encoding   

  12  0:01  SCV  
  13  0:13  SCV  
  14  0:25  SCV  
  15  0:29  Supply Depot  
  15  0:51  SCV  
  15  0:54  Barracks  
  16  0:57  Refinery  
  16  1:01  Refinery  
  16  1:04  SCV  
  17  1:16  SCV  
  18  1:28  SCV  
  19  1:41  Marine, Orbital Command  
  20  1:49  Bunker  
  20  1:52  Factory  
  20  1:57  Supply Depot  
  20  2:06  Barracks Reactor  
  20  2:07  SCV  
  21  2:19  SCV  
  22  2:31  SCV  
  23  2:37  Supply Depot, Starport  
  23  2:40  Widow Mine  
  23  2:43  SCV, Marine x2  
  28  2:52  Supply Depot  
  28  2:55  SCV  
  29  3:01  Marine x2  
  31  3:07  SCV  
  31  3:16  Medivac  
  31  3:18  Hellion  
  31  3:19  SCV  
  36  3:20  Marine  
  36  3:21  Marine  
  38  3:29  Supply Depot  
  38  3:33  SCV  
  39  3:38  Liberator  
  39  3:39  Hellion  
  41  3:41  Marine x2  
  43  3:57  SCV  
  47  4:03  Factory Tech Lab  
  47  4:15  Marine x2  
  47  4:16  Command Center  
  49  4:18  SCV  
  49  4:21  Supply Depot  
  46  4:30  SCV, Siege Tank  
  50  4:51  Marine x2  
  51  4:55  SCV  
  48  5:01  Barracks x2  
  48  5:02  Siege Tank  
  50  5:07  Engineering Bay  
  50  5:11  SCV, Marine x2  
  53  5:15  Liberator  
  52  5:31  Marine x2  
  57  5:36  Missile Turret  
  57  5:38  Orbital Command  
  55  5:50  Barracks Tech Lab  
  55  5:51  Factory Reactor, Marine x2  
  57  6:03  Orbital Command  
  56  6:06  Bunker, Missile Turret  
  56  6:12  Marine x2  
  56  6:13  Stimpack  
  57  6:26  SCV  
  57  6:31  Refinery  
  58  6:35  Combat Shields  
  58  6:39  Marine x2  
  60  6:44  SCV x2, Factory Reactor  
  59  6:54  Marine x2  
  59  6:56  SCV x2, Marine  
  59  6:58  Medivac  
  66  7:08  SCV x2  
  68  7:11  Medivac  
  68  7:13  Supply Depot  
  68  7:15  Marine x2  
  72  7:20  SCV x2  
  72  7:21  Widow Mine x2  
  78  7:32  Supply Depot  
  78  7:35  SCV x2, Marine x4  
  81  7:50  Medivac  
  83  7:53  Marine x2  
  83  7:54  SCV x2  
  83  7:56  Medivac  
  89  7:59  Supply Depot  
  89  8:05  Marine x2  
  89  8:06  SCV x2  
  92  8:29  SCV  
  92  8:30  SCV  
  92  8:31  Command Center  
  94  8:35  Marine x3  
  97  8:41  Supply Depot, Widow Mine  
  97  8:46  SCV x2  
  101  8:52  Marine  
  101  8:53  Marine  
  103  8:56  Supply Depot  
  103  8:58  SCV  
  104  9:04  Marine x2  
  105  9:10  Marine  
  106  9:17  Marine  
  106  9:19  SCV  
  106  9:21  Marine  
  108  9:27  Barracks x2  
  100  9:32  SCV x2  
Tags
 
Add a new tag
Caveats
  • Supply blocks, unpowered buildings, or Contaminate may cause inaccurate times.
  • Supply counts are checked every 10 seconds.